[Event "WWRR IM 2019"]
[Site "Wachtebeke"]
[Date "2019.03.07"]
[Round "9.5"]
[White "Van der Lende, Ilias"]
[Black "De Ruiter, Danny"]
[Result "1-0"]
[ECO "C09"]
[WhiteElo "2343"]
[BlackElo "2328"]
[Annotator "NA"]
[PlyCount "95"]
[EventDate "2019.03.02"]
[EventCountry "BEL"]
[SourceTitle "playchess.com"]
[Source "ChessBase"]
[SourceQuality "1"]
[TimeControl "40/5400+30:900+30"]

1. e4 c5 2. Nf3 e6 3. c3 d5 4. exd5 exd5 5. Bb5+ Nc6 6. O-O Bd6 7. d4 Nge7 8. dxc5 Bxc5 9. Nbd2 O-O 10. Nb3 Bb6 11. h3 Qd6 {[%emt 0:04:00] C09: French Tarrasch: 3...c5 4 exd5 exd5 5 Ngf3 Nc6} 12. Re1 Ng6 13. Be3 {[%emt 0:12:55] [#]} Nf4 $146 ({Predecessor:} 13... Bf5 14. Bxb6 axb6 15. Bd3 Bxd3 16. Qxd3 f6 17. Nbd4 Nge5 18. Qb5 Nxf3+ 19. Nxf3 {0-1 (88) Cornejo Perales,M (2185)-Gajewski,G (2581) ICC INT 2009}) 14. Bxb6 ({White should play} 14. Bxf4 $16 Qxf4 15. Qxd5) 14... Qg6 15. Bf1 axb6 16. Kh1 Bd7 17. Ne5 Nxe5 18. Rxe5 Ba4 19. Re1 Rfd8 20. Qd2 Qf6 21. Nd4 Bd7 22. a3 g5 23. Qe3 Re8 24. Qg3 Kh8 25. Kg1 h5 26. Re3 Rg8 27. Ne2 Rg6 28. Rf3 h4 29. Qh2 Nxh3+ 30. Qxh3 ({But not} 30. Rxh3 Bxh3 31. Qxh3 (31. gxh3 g4 $14) 31... Qe6) 30... Bxh3 31. Rxf6 Rxf6 32. gxh3 Rg8 33. f4 Kg7 34. Rd1 Rf5 35. Kf2 Kf6 36. Rd4 gxf4 37. Rb4 Re8 38. Rxb6+ Kg5 39. Nd4 Rf6 40. Nf3+ Kg6 41. Nxh4+ Kg7 42. Rxb7 d4 43. cxd4 Rc8 44. Bd3 Rh8 45. Nf5+ Kg6 46. Ne7+ Kg7 $18 47. Nd5 Rd6 48. Nxf4 1-0